 Dungeon Crawl Stone Soup version 0.17-a0-1909-g0b14330 (webtiles) character file.

1710 Oddball22 the Cutter (level 8, -6/61 HPs)
             Began as a Demonspawn Artificer on Sept 24, 2015.
             Mangled by Mulkerokala's ghost (12 damage)
             ... on level 6 of the Dungeon on Sept 25, 2015.
             The game lasted 00:26:43 (9464 turns).

Oddball22 the Cutter (Demonspawn Artificer)         Turns: 9464, Time: 00:26:44

Health: -6/61      AC:  6    Str: 14      XL:     8   Next: 74%
Magic:  0/12       EV: 12    Int: 13      God:
Gold:   304        SH:  0    Dex: 12 (16) Spells: 0 memorised, 7 levels left

rFire  . . .     SeeInvis .     a - +0 short sword
rCold  . . .     Clarity  .     b - +0 leather armour
rNeg   + . .     SustAt   .     (no shield)
rPois  .         Gourm    .     (no helmet)
rElec  .         Spirit   +     (no cloak)
rCorr  .         Warding  +     (no gloves)
rMut   .         Stasis   .     (no boots)
MR     +....                    j - amulet of warding
Stlth  ++........               A - ring of protection from magic
                                s - +2 ring of strength

@: somewhat resistant to hostile enchantments, unstealthy
A: talons 1, icy blue scales 2, demonic guardian 1, magic shield
a: no special abilities


You were on level 6 of the Dungeon.
You were not hungry.

You visited 1 branch of the dungeon, and saw 6 of its levels.

You collected 304 gold pieces.

Inventory:

Hand weapons
 a - a +0 short sword (weapon)
Armour
 b - a +0 leather armour (worn)
Jewellery
 j - an amulet of warding (around neck)
 s - a +2 ring of strength (left hand)
 A - a ring of protection from magic (right hand)
Magical devices
 c - a wand of flame (0)
 d - a wand of enslavement (15)
 e - a wand of random effects (2)
 n - a wand of fireball (8)
Scrolls
 g - 3 scrolls of identify
 h - 3 scrolls of enchant armour
 i - a scroll of fog {unknown}
 m - 3 scrolls of remove curse
 t - 2 scrolls of enchant weapon
 w - 2 scrolls of recharging
 x - a scroll of immolation {unknown}
 y - a scroll of teleportation {unknown}
 B - a scroll of blinking {unknown}
 C - a scroll of fear {unknown}
Potions
 k - 3 potions of degeneration
 q - a potion of flight {unknown}
 r - 4 potions of curing
 u - a potion of poison {unknown}
 v - a potion of heal wounds {unknown}
 z - a potion of haste {unknown}
 E - a potion of beneficial mutation {unknown}
Comestibles
 f - 4 bread rations
 l - 2 meat rations
 o - a fruit
 p - 4 slices of pizza
 D - 3 chunks of flesh


   Skills:
 + Level 4.8 Fighting
 * Level 6.4 Short Blades
 + Level 4.7 Dodging
 - Level 2.2 Stealth
 + Level 5.6 Evocations


You had 7 spell levels left.
You didn't know any spells.

Dungeon Overview and Level Annotations

Branches:
Dungeon (6/15)
 Temple: D:4-7

Altars:
Ashenzari
Gozag
Qazlal
Xom

Shops:
D:4 %*

Annotations:
D:6 Mulkerokala's ghost, experienced GrFi


Innate Abilities, Weirdness & Mutations

You have sharp toenails.
You are mostly covered in icy blue scales (AC +3, EV -1).
A weak demonic guardian rushes to your aid.
When hurt, damage is shared between your health and your magic reserves.


Message History

Your quasit claws Mulkerokala's ghost but does no damage. x2
Evoke which item? (* to show all) (? for menu, Esc to quit)
Zapping:
e - a wand of random effects (4)
Press: ? - help, Shift-Dir - straight line, f/p - Mulkerokala's ghost
Aim: Mulkerokala's ghost, wielding a vorpal weapon (heavily damaged) Mulkerokala's ghost seems to speed up.
This wand has 3 charges left.
Mulkerokala's ghost hits you!
Your quasit bites Mulkerokala's ghost but does no damage.
Your quasit claws Mulkerokala's ghost but does no damage. x2
Evoke which item? (* to show all) (? for menu, Esc to quit)
Zapping:
e - a wand of random effects (3)
Press: ? - help, Shift-Dir - straight line, f/p - Mulkerokala's ghost
Aim: Mulkerokala's ghost, wielding a vorpal weapon (heavily damaged, fast) Mulkerokala's ghost resists with some effort.
This wand has 2 charges left.
Mulkerokala's ghost hits you!
* * * LOW HITPOINT WARNING * * *
x2 Your quasit bites Mulkerokala's ghost but does no damage.
Your quasit claws Mulkerokala's ghost but does no damage. x2
Mulkerokala's ghost hits you!
You die...

. .... . .... #.#. #.l#
#.#.####..# #.........
+##......<######
................
.......$...##########
..........SW@.......#
###......5########.#######
#.......# #.........#
#.......# #.#.#####.#
#.......# #.#.# #.#
#.......######.#.#####.#
#####..#.......#.......#
#..#.###.....#######
...>#....<....#


You could see Mulkerokala's ghost, an adder and a friendly quasit.

Vanquished Creatures
  Prince Ribbit (D:5)
  Sigmund (D:4)
  A water moccasin (D:5)
  2 phantoms
  2 centaurs (D:5)
  A giant frog (D:4)
  2 crimson imps (D:5)
  A quasit (D:6)
  3 orc wizards
  A giant frog zombie (D:3)
  2 giant frog skeletons (D:4)
  A gnoll shaman (D:4)
  An orc priest (D:3)
  5 worker ants
  A hound zombie (D:5)
  7 adders
  A shadow imp (D:5)
  A worker ant zombie (D:5)
  An adder zombie (D:5)
  An adder skeleton (D:4)
  2 worms
  6 giant geckos
  10 orcs
  5 bats
  8 giant cockroaches
  7 hobgoblins
  14 jackals
  9 kobolds
  3 quokkas
  A ball python skeleton (D:4)
  3 giant newts (D:1)
  10 goblins
  A jackal skeleton (D:5)
  13 rats
128 creatures vanquished.

Vanquished Creatures (collateral kills)
  The ghost of Eptagon the Ruffian, an average TrFi (D:4)
  Eustachio (D:4)
  An ogre (D:4)
  An orc (D:5)
4 creatures vanquished.

Grand Total: 132 creatures vanquished

Notes
Turn   | Place    | Note
--------------------------------------------------------------
     0 | D:1      | Oddball22 the Demonspawn Artificer began the quest for the Orb.
     0 | D:1      | Reached XP level 1. HP: 15/15 MP: 3/3
    59 | D:1      | Reached skill level 1 in Stealth
    87 | D:1      | Reached skill level 1 in Short Blades
   145 | D:1      | Gained mutation: When hurt, damage is shared between your health and your magic reserves. [demonic ancestry]
   145 | D:1      | Reached XP level 2. HP: 8/21 MP: 4/4
  1187 | D:1      | Reached XP level 3. HP: 24/26 MP: 5/5
  2294 | D:2      | Gained mutation: You are partially covered in icy blue scales (AC +1). [demonic ancestry]
  2294 | D:2      | Reached XP level 4. HP: 11/33 MP: 0/6
  3952 | D:3      | Gained mutation: A weak demonic guardian rushes to your aid. [demonic ancestry]
  3952 | D:3      | Reached XP level 5. HP: 11/38 MP: 2/7
  4605 | D:3      | Found a stormy altar of Qazlal.
  5108 | D:4      | Noticed Sigmund
  5130 | D:4      | Found a shimmering altar of Xom.
  5163 | D:4      | Found an opulent altar of Gozag.
  5470 | D:4      | Killed Sigmund
  5470 | D:4      | Reached skill level 4 in Evocations
  5470 | D:4      | Gained mutation: You have sharp toenails. [demonic ancestry]
  5470 | D:4      | Reached XP level 6. HP: 37/47 MP: 6/9
  5581 | D:4      | Found Zearr's Food Shop.
  5659 | D:4      | Found Ziakky Fareu's Assorted Antiques.
  5697 | D:4      | Noticed Eustachio
  5726 | D:4      | Killed Eustachio
  5726 | D:4      | Gained mutation: You are mostly covered in icy blue scales (AC +3, EV -1). [demonic ancestry]
  5726 | D:4      | Reached XP level 7. HP: 52/52 MP: 10/10
  5733 | D:4      | Upgraded the game from 0.17-a0-1899-ge84b1df to 0.17-a0-1909-g0b14330
  6469 | D:4      | Noticed an ogre
  6477 | D:4      | Killed an ogre
  6557 | D:4      | Noticed Eptagon's ghost (average TrFi)
  6585 | D:4      | Killed Eptagon's ghost
  6942 | D:4      | Noticed a phantom
  7004 | D:4      | Killed a phantom
  7004 | D:4      | Reached skill level 5 in Short Blades
  7094 | D:5      | Entered Level 5 of the Dungeon
  7312 | D:5      | Reached XP level 8. HP: 53/60 MP: 11/11
  7626 | D:5      | Noticed Prince Ribbit
  7658 | D:5      | Killed Prince Ribbit
  7658 | D:5      | Reached skill level 5 in Evocations
  8477 | D:5      | Reached skill level 6 in Short Blades
  9081 | D:5      | Found a shattered altar of Ashenzari.
  9444 | D:6      | Noticed Mulkerokala's ghost (experienced GrFi)
  9464 | D:6      | Mangled by Mulkerokala's ghost

Vault maps used:
D:1:      dpeg_arrival_water_fire
D:3:      grunt_qazlal_clouds
D:4:      overflow_temple_1_default, enter_ossuary_1, serial_shops,
          nicolae_shop_overgrown_old_shop, shop_coins, first_bread, st_stairs_1,
          grunt_gozag_breadcrumbs, uniq_sigmund, uniq_eustachio
D:5:      old_standard_altar, uniq_prince_ribbit1
D:6:      grunt_temple_overflow_open, temple_fountains,
          kennysheep_big_empty_room, minivault_25, uniq_blork_the_orc

Action                   |  1- 3 |  4- 6 |  7- 9 || total
-------------------------+-------+-------+-------++-------
Melee: Short sword       |   239 |   259 |   466 ||   964
Evoke: Wand              |     3 |     9 |    16 ||    28
  Use: Scroll            |       |     1 |     5 ||     6
 Stab: Sleeping          |     2 |     7 |     6 ||    15
  Eat: Chunk             |     5 |    11 |    10 ||    26
       Fruit             |       |       |     2 ||     2
